 Dungeon Crawl Stone Soup version 0.31-a0-175-g9f7f995f2b (webtiles) character file.

Game seed: 6722225674018018985

8791 qw the Cleaver (level 11, -1/68 HPs)
             Began as a Gargoyle Fighter on June 16, 2023.
             Was an Elder of Okawaru.
             Killed by divine providence
             ... invoked by an orc priest
              (11 damage)
             ... on level 11 of the Dungeon.
             The game lasted 00:04:56 (10971 turns).

qw the Cleaver (Gargoyle Fighter)                  Turns: 10971, Time: 00:04:56

Health: -1/68      AC: 30    Str: 29    XL:     11   Next: 36%
Magic:  14/16      EV: 10    Int: 10    God:    Okawaru [****..]
Gold:   19         SH: 13    Dex:  7    Spells: 10/10 levels left

rFire   + + +        g - +2 war axe
rCold   + . .        x - +2 kite shield {AC+3}
rNeg    + . .        y - +3 chain mail {rF+}
rPois   inf          (no helmet)
rElec   +            z - scarf {rC+ rF+}
rCorr   .            b - +1 pair of gloves
SInv    .            B - +0 pair of boots
Will    .....        p - amulet of faith Stlth
                     j - +6 ring of strength
HPRegen 0.31/turn    v - ring of protection from fire
MPRegen 0.15/turn

%: faith
@: heroic
A: sickness immunity, AC +8, negative energy resistance 1, electricity
resistance, torment resistance 1, petrification resistance, clumsy 1, sense
surroundings 1
a: Renounce Religion, Heroism, Finesse


You were on level 11 of the Dungeon.
You worshipped Okawaru.
Okawaru was greatly pleased with you.
You visited 2 branches of the dungeon, and saw 12 of its levels.
You also visited: Sewer and Ossuary.

You collected 942 gold pieces.
You spent 923 gold pieces at shops.


Innate Abilities, Weirdness & Mutations

You are immune to sickness and miasma.
Your stone body is resilient. (AC +8)
You are immune to poison.
You resist negative energy. (rN+)
You are resistant to electric shocks. (rElec)
You are resistant to unholy torment.
You are immune to petrification.
You are clumsy. (Dex -2)
You passively map a small area around you.


   Skills:
 - Level 8.0(13.0) Fighting
 - Level 11.0(16.0) Axes
 - Level 2.1(7.1) Throwing
 - Level 6.4(11.4) Armour
 - Level 1.4(6.4) Dodging
 + Level 7.5(12.5) Shields
 + Level 7.2 Invocations


You had 10 spell levels left.
You didn't know any spells.
Your spell library was empty.

Inventory:

Hand Weapons
 g - a +2 war axe (weapon)
 k - a +1 flail of holy wrath
 s - a +0 morningstar
Missiles
 u - 2 boomerangs (quivered)
Armour
 b - a +1 pair of gloves (worn)
 c - a +0 cloak
 f - a +0 plate armour
 x - a +2 kite shield of protection (worn)
 y - a +3 chain mail of fire resistance (worn)
 z - a scarf of resistance (worn)
 B - a +0 pair of boots (worn)
Jewellery
 j - a +6 ring of strength (left hand)
 p - an amulet of faith (around neck)
 t - an amulet of regeneration
 v - a ring of protection from fire (right hand)
 A - a ring of fire
 Y - a ring of positive energy
Wands
 o - a wand of digging (1)
Scrolls
 a - 3 scrolls of teleportation
 m - 9 scrolls of identify
Potions
 d - 2 potions of might
 e - 3 potions of lignification
 h - 2 potions of magic
 i - 7 potions of curing
 l - 2 potions of attraction
 n - 3 potions of resistance
 q - 3 potions of haste
 r - 2 potions of mutation

Dungeon Overview and Level Annotations

Branches:
Dungeon (11/15)            Temple (1/1) D:4            Lair (0/5) D:11
    Orc (0/2) D:9           Sewer (visited)         Ossuary (visited)

Altars:
Ashenzari
Cheibriados
Dithmenos
Elyvilon
Fedhas
Gozag
Hepliaklqana
Kikubaaqudgha
Makhleb
Nemelex Xobeh
Okawaru
Qazlal
Ru
Sif Muna
Trog
Uskayaw
Vehumet
Wu Jian
Xom
Yredelemnul
Zin
The Shining One

Shops:
D:5 (   D:9 [   D:10 ?

Annotations:
D:10 4 transporters


Message History

You kill the death yak!
Okawaru is honoured by your kill.
You slash the death yak! You hit something but do no damage.
You block something's attack.
Your Invocations skill increases to level 7!
You slash the death yak!
The death yak is heavily wounded.
You closely miss something. Something hits you but does no damage.
You hit the death yak but do no damage.
The death yak is heavily wounded.
Your surroundings suddenly seem different.
Autopickup is now on.
You start resting.
A gargoyle is nearby!
10965 ||| READING 5 scrolls of teleportation.
As you read the scroll of teleportation, it crumbles to dust.
You feel strangely unstable.
A death yak comes into view.
You throw a boomerang.
The boomerang completely misses the death yak.
10967 ||| Stepping ~*~*~tactically~*~*~ (hiding).
You hear the faint crackling of a melting archway nearby.
Your surroundings seem slightly different.
Found a crooked bronze wand.
The death yak bellows!
10969 ||| READING 4 scrolls of teleportation.
As you read the scroll of teleportation, it crumbles to dust.
You feel strangely unstable.
You feel like a meek peon again. You block the death yak's attack.
10971 ||| INVOKING Heroism.
You gain the combat prowess of a mighty hero.
Your surroundings suddenly seem different.
An orc wizard, an orc priest and 2 orcs come into view.
Found a tin of tremorstones (2/2).
Found an escape hatch in the floor.
The orc wizard shouts!
The orc shouts!
The orc priest mumbles some strange prayers to Beogh against you.
Beogh smites you!
You die...

#########
#....@..#
#.......#
#.......#
+.o..o..#
*
#......>#
,
#....o..#
#.o.....#
*
##}.....#
,


You could see an orc priest, an orc wizard and 2 orcs.

Vanquished Creatures
  A boulder beetle (D:8)
  2 death yaks (D:11)
  An unseen horror (D:10)
  A kobold demonologist (D:9)
  A komodo dragon (D:10)
  2 trolls (D:10)
  2 hornets
  2 shadows
  A wyvern (D:9)
  3 yaks (D:9)
  Eustachio (D:6)
  2 wraiths
  A steam dragon (D:10)
  3 water moccasins
  5 orc warriors
  A black bear (D:5)
  An ice beast (D:6)
  2 ogres
  5 centaurs
  4 bullfrogs
  4 kobold brigands
  A scorpion (D:6)
  10 wights
  3 killer bees (D:10)
  A howler monkey (D:6)
  6 hounds
  3 orc priests
  4 jellies
  2 gnoll boudas (D:6)
  2 sleepcaps
  An iguana (D:5)
  2 orc wizards
  Terence (D:3)
  8 mummies (Ossuary)
  15 gnolls
  10 adders
  2 river rats (Sewer)
  A shadow imp (D:5)
  2 ufetubi
  A worm (D:2)
  3 dart slugs
  38 orcs
  6 endoplasms
  3 giant cockroaches
  2 gnoll zombies (Ossuary)
  12 goblins
  2 hobgoblins
  10 jackals
  6 quokkas
  3 training dummies (D:5)
  7 ball pythons
  3 bats
  4 frilled lizards
  A hobgoblin zombie (Ossuary)
  19 kobolds
  2 kobold zombies (Ossuary)
  3 orc zombies (Ossuary)
  10 rats
254 creatures vanquished.

Notes
Turn   | Place    | Note
-------+----------+-------------------------------------------
     0 | D:1      | qw the Gargoyle Fighter began the quest for the Orb.
     0 | D:1      | Reached XP level 1. HP: 14/14 MP: 1/1
     0 | D:1      | 0 ||| qw: Version: 0.2-a-29-g511e9b1
     0 | D:1      | 0 ||| qw: Game counter: 5758
     0 | D:1      | 0 ||| qw: Always use a shield: true
     0 | D:1      | 0 ||| qw: God list: Okawaru
     0 | D:1      | 0 ||| qw: Allow faded altars: false
     0 | D:1      | 0 ||| qw: Do Orc after D:15 true
     0 | D:1      | 0 ||| qw: Do second Lair branch before Depths: true
     0 | D:1      | 0 ||| qw: Lair rune preference: random
     0 | D:1      | 0 ||| qw: Plans: Normal, Zot:1-4, Slime:5, God:TSO, Crypt,
                  | Tomb, Abyss, Pan, Hells, Win
     0 | D:1      | 0 ||| PLANNING D:1-11
    44 | D:1      | Reached skill level 2 in Axes
   196 | D:1      | 196 ||| Stepping ~*~*~tactically~*~*~ (hiding).
   200 | D:1      | Reached XP level 2. HP: 19/19 MP: 2/2
  1067 | D:1      | 1067 ||| UPGRADING to +0 chain mail.
  1077 | D:1      | 1077 ||| DROPPING +0 scale mail.
  1078 | D:1      | 1078 ||| READING scroll labelled IJIVEAGHARI.
  1079 | D:1      | 1079 ||| READING scroll labelled VEHYRA VUWOQIRR.
  1080 | D:1      | 1080 ||| READING scroll labelled XEHYCS GYUMIX.
  1085 | D:1      | 1085 ||| READING scroll labelled EKLIHE XEMAOTO.
  1086 | D:1      | 1086 ||| READING scroll labelled NURAC WUET.
  1169 | D:2      | 1169 ||| Stepping ~*~*~tactically~*~*~ (stealth).
  1175 | D:2      | Reached skill level 3 in Axes
  1181 | D:2      | Reached XP level 3. HP: 15/23 MP: 3/3
  1208 | D:2      | 1208 ||| FLEEEEING.
  1209 | D:2      | 1209 ||| FLEEEEING.
  1210 | D:2      | 1210 ||| FLEEEEING.
  1329 | D:2      | 1329 ||| DROPPING +0 club.
  1488 | D:2      | 1488 ||| DROPPING +0 whip.
  1638 | D:2      | 1638 ||| Stepping ~*~*~tactically~*~*~ (stealth).
  1646 | D:2      | Reached XP level 4. HP: 28/28 MP: 4/4
  1839 | D:2      | 1839 ||| UPGRADING to +1 pair of gloves.
  1844 | D:2      | 1844 ||| UPGRADING to +6 ring of strength.
  1845 | D:2      | 1845 ||| DRINKING 2 murky inky potions.
  1846 | D:2      | 1846 ||| DROPPING potion of degeneration.
  1865 | D:3      | 1865 ||| Stepping ~*~*~tactically~*~*~ (stealth).
  1873 | D:3      | Reached skill level 4 in Axes
  1874 | D:3      | 1874 ||| Stepping ~*~*~tactically~*~*~ (stealth).
  1877 | D:3      | Found a faded altar of an unknown god.
  2036 | D:3      | 2036 ||| DROPPING +0 mace.
  2323 | D:3      | Reached XP level 5. HP: 32/32 MP: 5/5
  2568 | D:3      | 2568 ||| Stepping ~*~*~tactically~*~*~ (hiding).
  2571 | D:3      | 2571 ||| Stepping ~*~*~tactically~*~*~ (hiding).
  2572 | D:3      | 2572 ||| Stepping ~*~*~tactically~*~*~ (hiding).
  2586 | D:3      | 2586 ||| Stepping ~*~*~tactically~*~*~ (stealth).
  2589 | D:3      | 2589 ||| Stepping ~*~*~tactically~*~*~ (hiding).
  2599 | D:3      | HP: 6/32 [orc priest/divine providence (11)]
  2730 | D:3      | Noticed Terence
  2734 | D:3      | Killed Terence
  2735 | D:3      | Reached skill level 5 in Axes
  2884 | D:3      | 2884 ||| UPGRADING to +0 plate armour.
  2894 | D:3      | 2894 ||| DROPPING +0 chain mail.
  2895 | D:3      | 2895 ||| READING scroll labelled INOMNI LOCSAMEOT.
  2938 | D:4      | 2938 ||| PLANNING SEWER
  3018 | D:4      | Found a glowing drain.
  3031 | D:4      | 3031 ||| Stepping ~*~*~tactically~*~*~ (water).
  3035 | Sewer    | Entered a sewer
  3109 | Sewer    | Noticed a kobold brigand
  3123 | Sewer    | Killed a kobold brigand
  3124 | Sewer    | Reached XP level 6. HP: 34/39 MP: 6/6
  3157 | Sewer    | Found a white marble altar of Elyvilon.
  3191 | Sewer    | 3191 ||| DROPPING potion of enlightenment.
  3198 | D:4      | 3198 ||| PLANNING OSSUARY
  3230 | D:4      | 3230 ||| Stepping ~*~*~tactically~*~*~ (stealth).
  3232 | D:4      | 3232 ||| Stepping ~*~*~tactically~*~*~ (hiding).
  3397 | D:4      | Found a sand-covered staircase.
  3398 | D:4      | 3398 ||| UPGRADING to ring of positive energy.
  3399 | D:4      | 3399 ||| READING scroll labelled WYTIESSIVI.
  3400 | D:4      | 3400 ||| DRINKING 2 inky potions.
  3404 | Ossuary  | Entered an ossuary
  3436 | Ossuary  | HP: 2/39 [mummy (9)]
  3437 | Ossuary  | 3437 ||| DRINKING potion of heal wounds.
  3663 | Ossuary  | 3663 ||| READING scroll labelled SYNUIW SONUNOTO.
  3664 | Ossuary  | 3664 ||| READING scroll labelled UGRIROJOUR.
  3765 | Ossuary  | 3765 ||| DRINKING 3 blue potions.
  3766 | Ossuary  | 3766 ||| DRINKING 2 puce potions.
  3767 | Ossuary  | 3767 ||| DRINKING 2 amethyst potions.
  3871 | Ossuary  | 3871 ||| DROPPING potion of berserk rage.
  3891 | D:4      | 3891 ||| PLANNING D:1-11
  4222 | D:4      | Found a staircase to the Ecumenical Temple.
  4223 | D:4      | 4223 ||| PLANNING TEMPLE
  4223 | D:4      | 4223 ||| READING scroll labelled QUACLEU CIJEUM.
  4224 | D:4      | 4224 ||| DRINKING 2 coppery potions.
  4224 | D:4      | Gained mutation: You have hidden genetic potential. [potion
                  | of mutation]
  4224 | D:4      | Gained mutation: Armour fits poorly on your strangely
                  | shaped body. [potion of mutation]
  4225 | D:4      | 4225 ||| DRINKING potion of mutation.
  4225 | D:4      | Lost mutation: Armour fits poorly on your strangely shaped
                  | body. [potion of mutation]
  4225 | D:4      | Lost mutation: You have hidden genetic potential. [potion
                  | of mutation]
  4225 | D:4      | Gained mutation: You are clumsy. (Dex -2) [potion of
                  | mutation]
  4225 | D:4      | Gained mutation: You passively map a small area around you.
                  | [potion of mutation]
  4237 | Temple   | Entered the Ecumenical Temple
  4239 | Temple   | 4239 ||| PLANNING OKAWARU WORSHIP
  4323 | Temple   | Became a worshipper of Warmaster Okawaru
  4324 | Temple   | 4324 ||| PLANNING D:1-11
  4417 | D:5      | Entered Level 5 of the Dungeon
  4446 | D:5      | Reached skill level 6 in Axes
  4446 | D:5      | Reached XP level 7. HP: 44/44 MP: 7/7
  4457 | D:5      | 4457 ||| Stepping ~*~*~tactically~*~*~ (stealth).
  4728 | D:5      | 4728 ||| READING scroll of enchant weapon.
  4728 | D:5      | 4728 ||| ENCHANTING +1 war axe.
  4890 | D:5      | Found Cuadari's Firing Range.
  4989 | D:5      | Reached skill level 1 in Throwing
  5095 | D:5      | Reached skill level 7 in Axes
  5247 | D:5      | Reached * piety under Okawaru
  5307 | D:5      | 5307 ||| UPGRADING to amulet of faith.
  5312 | D:5      | 5312 ||| READING 2 scrolls of identify.
  5312 | D:5      | 5312 ||| IDENTIFYING fuming ruby potion
  5323 | D:6      | 5323 ||| Stepping ~*~*~tactically~*~*~ (hiding).
  5332 | D:6      | Reached skill level 1 in Invocations
  5332 | D:6      | Reached XP level 8. HP: 48/50 MP: 8/8
  5356 | D:6      | 5356 ||| Stepping ~*~*~tactically~*~*~ (stealth).
  5381 | D:6      | Reached skill level 3 in Invocations
  5381 | D:6      | 5381 ||| INVOKING Heroism.
  5383 | D:6      | Reached ** piety under Okawaru
  5402 | D:6      | 5402 ||| INVOKING Heroism.
  5454 | D:6      | 5454 ||| Stepping ~*~*~tactically~*~*~ (stealth).
  5472 | D:6      | 5472 ||| Stepping ~*~*~tactically~*~*~ (stealth).
  5488 | D:6      | 5488 ||| Stepping ~*~*~tactically~*~*~ (stealth).
  5490 | D:6      | 5490 ||| Stepping ~*~*~tactically~*~*~ (stealth).
  5492 | D:6      | 5492 ||| INVOKING Heroism.
  5495 | D:6      | Reached skill level 8 in Axes
  5516 | D:6      | 5516 ||| Stepping ~*~*~tactically~*~*~ (stealth).
  5545 | D:6      | 5545 ||| INVOKING Heroism.
  5553 | D:6      | Reached skill level 1 in Dodging
  5621 | D:6      | 5621 ||| INVOKING Heroism.
  5651 | D:6      | 5651 ||| INVOKING Heroism.
  5667 | D:6      | 5667 ||| INVOKING Heroism.
  5672 | D:6      | Reached XP level 9. HP: 50/55 MP: 9/12
  5710 | D:6      | Noticed Eustachio
  5711 | D:6      | 5711 ||| Stepping ~*~*~tactically~*~*~ (stealth).
  5713 | D:6      | 5713 ||| INVOKING Heroism.
  5717 | D:6      | 5717 ||| Stepping ~*~*~tactically~*~*~ (stealth).
  5725 | D:6      | Reached skill level 6 in Fighting
  5730 | D:6      | Killed Eustachio
  5741 | D:6      | 5741 ||| Stepping ~*~*~tactically~*~*~ (stealth).
  5743 | D:6      | 5743 ||| Stepping ~*~*~tactically~*~*~ (hiding).
  5948 | D:6      | 5948 ||| Stepping ~*~*~tactically~*~*~ (stealth).
  5950 | D:6      | 5950 ||| Stepping ~*~*~tactically~*~*~ (hiding).
  5956 | D:6      | 5956 ||| INVOKING Heroism.
  6372 | D:6      | 6372 ||| READING scroll labelled NUAFIE CAEJETH.
  6373 | D:6      | 6373 ||| READING scroll labelled ZIAHUOHAZI.
  6374 | D:6      | 6374 ||| DRINKING 2 dark potions.
  6375 | D:6      | 6375 ||| READING 4 scrolls of identify.
  6375 | D:6      | 6375 ||| IDENTIFYING bubbling ruby potion
  6418 | D:7      | Identified the +2 short sword "Ukyar" {protect, Fragile
                  | rPois Str+3}
  6503 | D:7      | 6503 ||| Stepping ~*~*~tactically~*~*~ (stealth).
  6579 | D:7      | Noticed a hornet
  6589 | D:7      | Killed a hornet
  6590 | D:7      | Reached skill level 9 in Axes
  6764 | D:7      | 6764 ||| Stepping ~*~*~tactically~*~*~ (stealth).
  7616 | D:8      | 7616 ||| Stepping ~*~*~tactically~*~*~ (hiding).
  7618 | D:8      | 7618 ||| INVOKING Heroism.
  7634 | D:8      | 7634 ||| INVOKING Heroism.
  7637 | D:8      | 7637 ||| Stepping ~*~*~tactically~*~*~ (stealth).
  7640 | D:8      | 7640 ||| Stepping ~*~*~tactically~*~*~ (hiding).
  7658 | D:8      | 7658 ||| INVOKING Heroism.
  7767 | D:8      | Noticed a hornet
  7773 | D:8      | 7773 ||| INVOKING Heroism.
  7780 | D:8      | HP: 12/57 [hornet (11)]
  7781 | D:8      | 7781 ||| READING 6 scrolls of teleportation.
  7782 | D:8      | 7782 ||| DRINKING potion of heal wounds.
  7806 | D:8      | 7806 ||| Stepping ~*~*~tactically~*~*~ (stealth).
  7807 | D:8      | 7807 ||| INVOKING Heroism.
  7808 | D:8      | Killed a hornet
  7930 | D:8      | Found a shadowy altar of Dithmenos.
  7933 | D:8      | Noticed a boulder beetle
  7934 | D:8      | 7934 ||| INVOKING Heroism.
  7952 | D:8      | 7952 ||| INVOKING Heroism.
  7954 | D:8      | Killed a boulder beetle
  7954 | D:8      | Reached *** piety under Okawaru
  7955 | D:8      | Reached skill level 10 in Axes
  7955 | D:8      | Reached XP level 10. HP: 51/63 MP: 10/13
  8207 | D:8      | 8207 ||| DROPPING +0 flail.
  8212 | D:8      | 8212 ||| Stepping ~*~*~tactically~*~*~ (hiding).
  8213 | D:8      | 8213 ||| Stepping ~*~*~tactically~*~*~ (hiding).
  8214 | D:8      | 8214 ||| Stepping ~*~*~tactically~*~*~ (hiding).
  8320 | D:8      | 8320 ||| INVOKING Heroism.
  8403 | D:8      | Reached skill level 6 in Armour
  8727 | D:9      | Found a white marble altar of Elyvilon.
  8796 | D:9      | Noticed a kobold demonologist
  8808 | D:9      | 8808 ||| INVOKING Heroism.
  8811 | D:9      | Killed a kobold demonologist
  8849 | D:9      | 8849 ||| Stepping ~*~*~tactically~*~*~ (hiding).
  8851 | D:9      | 8851 ||| INVOKING Heroism.
  8858 | D:9      | Found Giese's Armour Shop.
  8858 | D:9      | Found a staircase to the Orcish Mines.
  8954 | D:9      | 8954 ||| BUYING +2 kite shield of protection (236 gold).
  8954 | D:9      | Bought a +2 kite shield of protection for 236 gold pieces
  8954 | D:9      | 8954 ||| BUYING +3 chain mail of fire resistance (291
                  | gold).
  8954 | D:9      | Bought a +3 chain mail of fire resistance for 291 gold
                  | pieces
  8954 | D:9      | 8954 ||| BUYING scarf of resistance (352 gold).
  8954 | D:9      | Bought a scarf of resistance for 352 gold pieces
  9364 | D:9      | Reached **** piety under Okawaru
  9365 | D:9      | Reached skill level 11 in Axes
  9494 | D:9      | Found a snail-covered altar of Cheibriados.
  9561 | D:9      | 9561 ||| Stepping ~*~*~tactically~*~*~ (hiding).
  9562 | D:9      | 9562 ||| Stepping ~*~*~tactically~*~*~ (hiding).
  9678 | D:9      | 9678 ||| Stepping ~*~*~tactically~*~*~ (hiding).
  9752 | D:9      | 9752 ||| UPGRADING to +2 kite shield of protection.
  9762 | D:9      | 9762 ||| DROPPING +0 buckler.
  9763 | D:9      | 9763 ||| UPGRADING to +3 chain mail of fire resistance.
  9773 | D:9      | 9773 ||| UPGRADING to scarf of resistance.
  9778 | D:9      | 9778 ||| UPGRADING to +0 pair of boots.
  9783 | D:9      | 9783 ||| UPGRADING to ring of protection from fire.
  9808 | D:10     | Entered Level 10 of the Dungeon
  9882 | D:10     | Found an ornate altar of the Wu Jian Council.
  9976 | D:10     | 9976 ||| Stepping ~*~*~tactically~*~*~ (stealth).
  9977 | D:10     | 9977 ||| INVOKING Heroism.
 10094 | D:10     | Found Ojycur's Magic Scroll Emporium.
 10109 | D:10     | 10109 ||| INVOKING Heroism.
 10178 | D:10     | 10178 ||| BUYING scroll of identify (22 gold).
 10178 | D:10     | Bought a scroll of identify for 22 gold pieces
 10178 | D:10     | 10178 ||| BUYING scroll of identify (22 gold).
 10178 | D:10     | Bought a scroll of identify for 22 gold pieces
 10178 | D:10     | 10178 ||| SHOPLISTING scroll of teleportation (33 gold,
                  | have 13).
 10223 | D:10     | 10223 ||| INVOKING Heroism.
 10236 | D:10     | Reached skill level 6 in Shields
 10236 | D:10     | Reached XP level 11. HP: 68/68 MP: 12/15
 10311 | D:10     | 10311 ||| INVOKING Heroism.
 10405 | D:10     | Reached skill level 6 in Invocations
 10431 | D:10     | Found a transporter.
 10497 | D:10     | 10497 ||| INVOKING Heroism.
 10599 | D:10     | Found a transporter.
 10716 | D:10     | Found a transporter.
 10761 | D:10     | Found a transporter.
 10791 | D:10     | 10791 ||| DROPPING +1 pair of gloves.
 10792 | D:10     | 10792 ||| DRINKING 2 bubbling black potions.
 10793 | D:10     | 10793 ||| DROPPING potion of brilliance.
 10843 | D:11     | 10843 ||| STAIRDANCE
 10846 | D:10     | 10846 ||| INVOKING Heroism.
 10927 | D:11     | Found a staircase to the Lair.
 10928 | D:11     | Noticed a death yak
 10928 | D:11     | Noticed a death yak
 10928 | D:11     | Noticed a death yak
 10929 | D:11     | 10929 ||| INVOKING Heroism.
 10929 | D:11     | Noticed a death yak
 10930 | D:11     | 10930 ||| Stepping ~*~*~tactically~*~*~ (hiding).
 10931 | D:11     | 10931 ||| Stepping ~*~*~tactically~*~*~ (hiding).
 10934 | D:11     | Noticed a death yak
 10935 | D:11     | 10935 ||| Stepping ~*~*~tactically~*~*~ (stealth).
 10952 | D:11     | Killed a death yak
 10954 | D:11     | HP: 6/68 [death yak (16)]
 10955 | D:11     | 10955 ||| READING 6 scrolls of teleportation.
 10955 | D:11     | Noticed a death yak
 10959 | D:11     | Killed a death yak
 10965 | D:11     | 10965 ||| READING 5 scrolls of teleportation.
 10966 | D:11     | Noticed a death yak
 10967 | D:11     | 10967 ||| Stepping ~*~*~tactically~*~*~ (hiding).
 10969 | D:11     | 10969 ||| READING 4 scrolls of teleportation.
 10971 | D:11     | 10971 ||| INVOKING Heroism.
 10971 | D:11     | Killed from afar by an orc priest

Levels and vault maps discovered:
D:1:      dpeg_arrival_houses_and_road, layout_basic, serial_park_tiny_1,
          minmay_gold_behind_fungi
D:2:      layout_rooms, serial_rivers, chequers_serial_rivers_micro_c,
          chequers_serial_rivers_marsh, chequers_serial_rivers_micro_b,
          chequers_serial_rivers_room_b, chequers_serial_rivers_large_a,
          nrook_mini_vaults, kennysheep_flooded_box, grunt_ministairs_8,
          hangedman_decor_lopped, serial_bayou_pond_a
D:3:      layout_basic, shapermc_ecumenical_altar_totnotflames, uniq_terence
D:4:      layout_basic, minmay_temple_entry_glassed_door, portal_sewer_entry_f,
          nicolae_ossuary_entry_plus, kennysheep_nondescript
D:5:      layout_loops_cross, nicolae_shop_firing_range
D:6:      nicolae_cairo_tiling_large_dashed, layout_basic, uniq_eustachio
D:7:      layout_layer_cave
D:8:      layout_layer_cave, grunt_dithmenos_smoke_and_mirrors, special_room
          [special_room_orc]
D:9:      layout_layer_cave, kennysheep_slug_shrine, elyvilon_altar_5,
          orc_david_3
D:10:     layout_loops_corners, nicolae_wu_jian_wuxing_cycle, serial_shops,
          nicolae_stop_n_shop_1, nicolae_transporter_intersection
D:11:     layout_roguey, dpeg_lair_monsters, portal_ice_cave_demonic_guard,
          nicolae_trove_entry_columns, yredelemnul_forgotten_temple_becter
Temple:   compressed_dpeg_circular_temple

Skill      XL: |  1  2  3  4  5  6  7  8  9 10 11 |
---------------+----------------------------------+-----
Axes           | 2 3 4 5 6 7 8 10 11 | 11.0
Fighting       | 4 5 7 8 |  8.0
Throwing       | 1 2 |  2.1
Invocations    | 1 4 5 7 |  7.2
Armour         | 4 5 6 |  6.4
Dodging        | 1 |  1.4
Shields        | 4 6 7 |  7.5

Action                     |  1- 3 |  4- 6 |  7- 9 | 10-12 || total
---------------------------+-------+-------+-------+-------++-------
  Melee: War axe           |    91 |   170 |   306 |   194 ||   761
  Throw: Boomerang         |       |    57 |    37 |    53 ||   147
         Javelin           |       |       |    28 |       ||    28
 Invoke: Heroism           |       |       |    16 |    11 ||    27
    Use: Scroll            |     5 |     5 |     6 |     3 ||    19
         Potion            |       |     8 |     2 |     1 ||    11
 Armour: Scale mail        |    16 |       |       |       ||    16
         Chain mail        |    33 |    50 |       |    62 ||   145
         Plate armour      |       |    49 |   244 |    93 ||   386
  Dodge: Dodged            |    37 |    58 |   116 |    55 ||   266
  Block: Buckler           |    13 |    34 |    81 |    29 ||   157
         Kite shield       |       |       |       |    48 ||    48

Table legend:
 A = Non-vault XP
 B = Vault XP
 C = Vault XP percentage of total XP
 D = Non-vault monster count
 E = Vault monster count
 F = Vault count percentage of total count
                 A         B        C        D         E       F
            +---------+---------+-------+---------+---------+-------
      Total |    9636 |    2923 |  23.3 |     179 |      75 |  29.5
            +---------+---------+-------+---------+---------+-------
        D:1 |      25 |       0 |   0.0 |      14 |       0 |   0.0
        D:2 |      57 |       3 |   5.0 |      21 |       2 |   8.7
        D:3 |     133 |      32 |  19.4 |      22 |       1 |   4.3
        D:4 |      57 |       8 |  12.3 |      10 |       4 |  28.6
        D:5 |     545 |       6 |   1.1 |      18 |       3 |  14.3
        D:6 |    1601 |     208 |  11.5 |      34 |       1 |   2.9
        D:7 |     738 |       0 |   0.0 |      12 |       0 |   0.0
        D:8 |    1927 |     343 |  15.1 |      13 |      20 |  60.6
        D:9 |    2065 |     417 |  16.8 |      19 |      11 |  36.7
       D:10 |    2488 |       0 |   0.0 |      16 |       0 |   0.0
       D:11 |       0 |    1612 | 100.0 |       0 |       2 | 100.0
      Sewer |       0 |     137 | 100.0 |       0 |      15 | 100.0
    Ossuary |       0 |     157 | 100.0 |       0 |      16 | 100.0
            +---------+---------+-------+---------+---------+-------
